Map: Coda LE (Void)

Players

DoM

  • Race: Zerg Zerg

Bop - Winner!

  • Race: Protoss Protoss

VOD

Have the link to the VOD?

Description

Time

  • Played on: May 4, 2015, 6:51 p.m.
  • Length: 7:10
Show
View Real Time Build Order
Export as new Build Order

DoM Zerg 

Build Orders: 3 Hatch before Pool 

Get SALT Encoding   

  12  0:02  Drone  
  13  0:09  Drone  
  14  0:17  Overlord  
  14  0:27  Extractor x2  
  12  0:28  Drone  
  12  0:29  Drone  
  16  0:37  Drone  
  17  0:45  Drone  
  18  0:58  Hatchery  
  18  1:03  Drone  
  18  1:09  Drone  
  19  1:25  Hatchery  
  18  1:28  Drone  
  18  1:30  Extractor  
  18  1:31  Drone  
  19  1:46  Spawning Pool  
  18  1:49  Drone  
  18  1:52  Drone  
  20  2:19  Drone x3  
  23  2:33  Queen x2  
  23  2:35  Metabolic Boost  
  27  2:37  Queen  
  27  2:40  Zergling x2  
  27  2:42  Drone  
  31  2:47  Drone x2  
  33  2:52  Drone  
  33  2:56  Overlord  
  34  3:16  Drone x3, Overlord x2  
  34  3:17  Drone  
  34  3:18  Drone  
  39  3:20  Drone  
  39  3:21  Drone  
  41  3:28  Overlord  
  41  3:29  Zergling x2  
  42  3:39  Drone x2  
  42  3:40  Drone x2, Queen  
  47  3:48  Drone  
  47  3:49  Drone x4  
  51  3:58  Roach Warren  
  51  3:59  Drone x4  
  54  4:06  Drone  
  54  4:07  Drone x3  
  58  4:11  Overlord x2  
  57  4:20  Zergling x6  
  59  4:28  Zergling x4  
  60  4:34  Zergling x6  
  61  4:39  Queen x3  
  63  4:48  Zergling x2  
  63  4:49  Roach x2  
  64  5:04  Roach x5  
  66  5:12  Roach  
  66  5:13  Zergling x2  
  66  5:14  Zergling x4  
  66  5:15  Queen  
  66  5:21  Zergling x4  
  66  5:22  Roach  
  66  5:26  Spine Crawler  
  50  5:38  Roach, Zergling x6  
  50  5:43  Drone x2  
  48  5:50  Drone  
  48  5:51  Drone  
  48  6:11  Roach  
  45  6:16  Drone  
  40  6:39  Drone  
Show
View Real Time Build Order
Export as new Build Order

Bop Protoss - Winner!

Build Orders: Nexus First, Mass Adepts 

Get SALT Encoding   

  12  0:01  Probe  
  13  0:13  Probe  
  14  0:42  Nexus  
  14  0:54  Pylon  
  14  1:12  Probe (Chrono Boost), Gateway  
  15  1:22  Probe (Chrono Boost)  
  16  1:27  Assimilator  
  16  1:29  Probe (Chrono Boost)  
  18  1:40  Pylon  
  18  1:41  Probe (Chrono Boost)  
  18  1:48  Probe (Chrono Boost)  
  19  1:58  Probe (Chrono Boost)  
  19  2:00  Cybernetics Core  
  20  2:07  Probe (Chrono Boost)  
  22  2:10  Probe (Chrono Boost)  
  23  2:16  Probe (Chrono Boost)  
  23  2:20  Gateway, Probe (Chrono Boost)  
  24  2:26  Probe (Chrono Boost)  
  25  2:32  Probe (Chrono Boost)  
  25  2:36  Probe (Chrono Boost), Adept  
  29  2:39  Probe (Chrono Boost)  
  29  2:43  Pylon  
  30  2:47  Probe  
  30  2:49  Warp Gate (Chrono Boost)  
  31  2:54  Pylon  
  31  2:55  Probe  
  32  3:00  Probe  
  32  3:03  Adept  
  35  3:08  Adept (Chrono Boost)  
  36  3:18  Gateway  
  36  3:22  Gateway  
  36  3:25  Probe  
  37  3:31  Adept (Chrono Boost)  
  41  3:35  Adept (Chrono Boost)  
  41  3:45  Probe  
  41  3:46  Probe  
  43  3:50  Adept  
  43  3:52  Gateway  
  45  3:58  Probe  
  45  4:01  Pylon  
  46  4:04  Gateway  
  46  4:09  Gateway  
  44  4:47  Pylon  
  44  4:48  Pylon  
  44  4:49  Pylon  
  44  4:50  Adept x3  
  44  4:51  Adept x2  
  52  5:08  Adept x4  
  52  5:09  Adept  
  52  5:10  Probe x2  
  52  5:12  Assimilator x2  
  62  5:22  Probe x2  
  64  5:29  Stalker x2  
  64  5:30  Adept x2  
  64  5:34  Probe x2  
  68  5:46  Probe x2  
  68  5:47  Zealot x2  
  68  5:48  Zealot  
  68  5:58  Probe x2  
  66  6:11  Zealot x5  
  70  6:12  Zealot  
  70  6:14  Probe x2  
  70  6:19  Forge  
  70  6:22  Adept  
  70  6:26  Probe x2  
  70  6:30  Twilight Council  
  70  6:31  Assimilator  
  68  6:33  Stalker x2  
  68  6:36  Sentry x2  
  68  6:39  Adept x2  
  78  6:45  Adept  
  78  6:47  Probe (Chrono Boost)  
  67  6:56  Probe (Chrono Boost)  
  67  6:59  Probe (Chrono Boost)  
  67  7:01  Adept  
  67  7:02  Pylon  
Tags
 
Add a new tag
Caveats
  • Supply blocks, unpowered buildings, or Contaminate may cause inaccurate times.
  • Supply counts are checked every 10 seconds.